cohdb
Replays
Latest Replays
All Replays
Popular Replays
Top Player Replays
Match Explorer
How It Works
Community
CoH3 Stats
Reddit
Sign in to upload your games and track your stats! →
Sign in with Steam
Match 39975746
Unlisted
Match 39975746
Overview
Messages
Build Orders
End
Construct Barracks
Selects Heavy Weapons
Riflemen Squad
1⁄4-ton 4x4 Truck
Riflemen Squad
Air Support Center
Riflemen Squad
Riflemen Squad
Selects Assault Carriers
P-47 Strafing Run
Construct Motor Pool
P-47 Strafing Run
M8 Greyhound Armored Car
Selects Exchangeable Parts
P-47 Strafing Run
Grasshopper Recon Run
P-47 Dive Bomb
Construct Medical Station
Engineer Squad
Grenade Package
P-47 Strafing Run
Rum
Cowboy10k
LanceCriminal619
Nashorn101
0
0
Comments
sign in to comment!
No comments posted yet!